 Dungeon Crawl Stone Soup version 0.29.1-15-g9cfb28693d (webtiles) character file.

Game seed: 222880988923186285

61601 sentinel the Thrower (level 15, -13/110 HPs)
             Began as a Meteoran Earth Elementalist on July 26, 2023.
             Was an Elder of Cheibriados.
             Mangled by an alligator (23 damage)
             ... on level 3 of the Swamp.
             The game lasted 01:25:12 (2667 turns).

sentinel the Thrower (Meteoran Earth Elementalist)  Turns: 2667, Time: 01:25:13

Health: -13/110    AC: 12    Str: 18    XL:     15   Next: 27%
Magic:  18/42      EV: 13    Int: 33    God:    Cheibriados [****..]
Gold:   21         SH:  0    Dex: 26    Spells: 14/41 levels left

rFire   . . .      SeeInvis +   e - staff of poison {!a}
rCold   . . .      Faith    .   (no shield)
rNeg    . . .      Spirit   .   u - +0 steam dragon scales
rPois   +          Reflect  .   R - +0 mask of the Dragon {Will+ Slay+3 SInv}
rElec   .          Harm     .   (no cloak)
rCorr   .          Rampage  .   s - +2 pair of gloves {infuse}
Will    ++...                   (no boots)
Stlth   +.........              (no amulet)
HPRegen 0.28/turn               p - +4 ring of protection
MPRegen 0.28/turn               x - ring of magical power

@: glowing, very slow
A: sense surroundings 2, otherworldly, glowing, explore regen
}: 1/15 runes: decaying
a: Renounce Religion, Bend Time, Temporal Distortion, Slouch


You were on level 3 of the Swamp.
You worshipped Cheibriados.
Cheibriados was greatly pleased with you.
You visited 3 branches of the dungeon, and saw 20 of its levels.
You also visited: Bailey.

You collected 21 gold pieces.

Inventory:

Hand Weapons
 A - a +2 short sword of venom
 M - a +0 dagger of venom
Missiles
 B - a curare-tipped dart
 L - 2 boomerangs (quivered)
Armour
 a - a +0 robe
 d - a +2 hat
 l - a +0 pair of gloves
 s - a +2 pair of gloves of infusion (worn)
 u - +0 steam dragon scales (worn)
 R - the +0 mask of the Dragon (worn) {Will+ Slay+3 SInv}
   (You acquired it on level 1 of the Swamp)

   Slay:      It affects your accuracy & damage with ranged weapons and melee
   (+3).
   SInv:      It lets you see invisible.
   Will:      It increases your willpower.
Magical Staves
 e - a staff of poison (weapon) {!a}
 z - a staff of air {!a}
Jewellery
 k - a ring of resist corrosion
 p - a +4 ring of protection (left hand)
 x - a ring of magical power (right hand)
 N - a +6 ring of dexterity
 Q - a ring of positive energy
Wands
 y - a wand of polymorph (11)
 D - a wand of digging (10)
 S - a wand of mindburst (20)
 V - a wand of flame (7)
Scrolls
 c - a scroll of amnesia
 f - a scroll of butterflies
 m - a scroll of enchant armour
 o - 2 scrolls of brand weapon
 r - a scroll of enchant weapon
 C - 2 scrolls of immolation
 E - a scroll of torment
 F - a scroll of fear
 G - a scroll of vulnerability
 T - a scroll of poison
Potions
 g - 2 potions of lignification {unknown}
 h - a potion of attraction {unknown}
 i - a potion of haste {unknown}
 j - 2 potions of cancellation {unknown}
 n - 2 potions of berserk rage {unknown}
 q - 5 potions of curing
 v - 2 potions of flight {unknown}
 w - 2 potions of heal wounds
 H - a potion of degeneration {unknown}
 P - 2 potions of resistance {unknown}
Miscellaneous
 K - a tin of tremorstones (1/2)
 O - a condenser vane
 U - a phial of floods


   Skills:
 - Level 4.0 Fighting
 - Level 14.3 Throwing
 - Level 2.4 Dodging
 - Level 1.4 Stealth
 + Level 13.7 Spellcasting
 - Level 5.0 Conjurations
 - Level 8.2 Hexes
 - Level 13.0 Summonings
 - Level 4.9 Translocations
 + Level 6.2 Transmutations
 + Level 9.0 Earth Magic
 - Level 9.0 Invocations
 - Level 5.0 Evocations


You had 14 spell levels left.
You knew the following spells:

 Your Spells              Type           Power      Damage    Failure   Level
a - Sandblast             Erth           100%       2d20      1%          1
b - Summon Mana Viper     Hex/Summ       75%        N/A       1%          5
c - Monstrous Menagerie   Summ           41%        N/A       8%          7
d - Yara's Violent Unrav  Hex/Tmut       31%        3d13      2%          5
h - Stone Arrow           Conj/Erth      100%       3d13      1%          3
j - Passwall              Tmut/Erth      54%        N/A       1%          2
z - Passage of Golubria   Tloc           53%        N/A       2%          4

Your spell library contained the following spells:

 Spells                   Type           Power      Damage    Failure   Level
 Tukima's Dance           Hex            67%        N/A       1%          3
 Animate Armour           Summ/Erth      100%       N/A       1%          4
 Petrify                  Tmut/Erth      65%        N/A       1%          4
 Summon Ice Beast         Ice/Summ       60%        N/A       1%          4
 Statue Form              Tmut/Erth      43%        N/A       13%         6
 Lehudib's Crystal Spear  Conj/Erth      31%        10d8      100%        8


Dungeon Overview and Level Annotations

Branches:
Dungeon (11/15) Zot: 7860    Lair (5/5) D:11 Zot: 3402   Swamp (4/4) Lair:2 Zot: 3163
 Spider (0/4) Lair:2       Bailey (visited)
 Temple: D:4-7        Slime: Lair:4-5       Orc: D:9-12

Altars:
Cheibriados
Dithmenos
Fedhas
Qazlal

Shops:
D:11 [

Annotations:
Swamp:4 Bai Suzhen


Innate Abilities, Weirdness & Mutations

You passively map the area around you.
You are easily found by Zot.
You glow in the dark.
You regain HP and MP as you explore.


Message History

Press: ? - help, v - describe, . - travel The floor.
Okay, then.
Okay, then.
Press: ? - help, v - describe, . - travel
Here: a spectral fenstrider witch (spectral mist, summoned) Some shallow water.
Okay, then.
As you read the scroll labelled TOPIPOZINT, it crumbles to dust.
You hear a loud clanging noise!
It was a scroll of noise.
You are engulfed in spectral mist.
The swamp worm is engulfed in spectral mist.
The swamp worm barely misses you.
The spriggan shoots a sling bullet.
The sling bullet hits you but does no damage.
As you read the scroll labelled XUFETA LECES, it crumbles to dust.
You assume a fearsome visage.
The six-headed hydra resists with almost no effort.
The spriggan air mage resists with some effort.
The spectral fenstrider witch is unaffected.
The spriggan easily resists.
The tyrant leech looks frightened!
The ghost crab is unaffected.
The swamp worm looks frightened! x2
The tyrant leech looks frightened!
It was a scroll of fear.
You are engulfed in spectral mist.
The swamp worm is engulfed in spectral mist.
The spectral fenstrider witch hits you but does no damage.
The spectral fenstrider witch completely misses you.
The ghost crab breathes spectral mist at you.
The spectral mist engulfs you but does no damage.
Activating: Slouch (3% risk of failure)
Press: ? - help, Dir - look around, f - activate You can feel time thicken for a moment.
You kill the spriggan!
Cheibriados appreciates the change of pace.
Cheibriados lowers the support of your attributes as your movement quickens.
You are engulfed in spectral mist.
The spectral fenstrider witch hits you!
The spectral fenstrider witch kicks you!
You feel drained.
The swamp worm fires a harpoon shot at you.
The harpoon shot hits you!!
You are yanked forward by the harpoon shot.
Splash!
You fall into the shallow water.
Moving in this stuff is going to be slow.
The six-headed hydra is engulfed in spectral mist.
The ghost crab breathes spectral mist at you.
The spectral mist engulfs the spectral anaconda but does no damage.
Activating: Slouch (3% risk of failure)
Press: ? - help, Dir - look around, f - activate You can feel time thicken for a moment.
You kill the swamp worm!
Cheibriados thoroughly appreciates the change of pace.
You destroy the spectral anaconda!
The spectral anaconda fades away!
You kill the spriggan air mage!
Cheibriados appreciates the change of pace.
You hear a splash.
You kill the swamp worm!
Cheibriados appreciates the change of pace.
Cheibriados lowers the support of your attributes as your movement quickens.
You are engulfed in spectral mist.
The tyrant leech is engulfed in spectral mist.
The six-headed hydra is engulfed in spectral mist.
The six-headed hydra barely misses you. The six-headed hydra bites you!
The six-headed hydra bites you but does no damage.
The six-headed hydra closely misses you.
The six-headed hydra bites you! x2
Your life force feels restored.
Activating: Slouch (3% risk of failure)
Press: ? - help, Dir - look around, f - activate You can feel time thicken for a moment.
You kill the six-headed hydra!
Cheibriados thoroughly appreciates the change of pace.
You destroy the spectral fenstrider witch!
The spectral fenstrider witch fades away!
You kill the tyrant leech!
Cheibriados appreciates the change of pace.
You can no longer step out of the flow of time.
Cheibriados lowers the support of your attributes as your movement quickens.
You are engulfed in spectral mist.
A tyrant leech comes into view.
The ghost crab breathes spectral mist at you.
The spectral mist engulfs you but does no damage.
Your Transmutations skill increases to level 6!
Activating: Slouch (3% risk of failure)
Press: ? - help, Dir - look around, f - activate You can feel time thicken for a moment.
You destroy the ghost crab!
Cheibriados thoroughly appreciates the change of pace.
The spectral spriggan berserker fades away!
The spectral fenstrider witch fades away!
The spectral spriggan air mage fades away!
The spectral spriggan berserker fades away!
Cheibriados lowers the support of your attributes as your movement quickens.
You are engulfed in spectral mist.
* * * LOW HITPOINT WARNING * * *
An alligator comes into view.
A spriggan rider comes into view.
It is wielding a +0 spear and quivering curare-tipped darts.
HP warning!
Okay, then.
Magic courses through your body.
The spriggan rider throws a curare-tipped dart.
The curare-tipped dart hits you.
The swamp dragon breathes poison at you.
The blast of poison engulfs you! You resist.
* * * LOW HITPOINT WARNING * * *
An alligator comes into view.
HP warning!
Casting: Passage of Golubria (mildly dangerous; 2% risk of failure)
Confirm with . or Enter, or press ? or * to list all spells.
Aiming: Passage of Golubria (mildly dangerous; 2% risk of failure)
Press: ? - help, Dir - move target
Okay, then.
Okay, then.
Press: ? - help, v - describe, . - travel Some shallow water.
There is a cloud of poison gas here.
Activating: Slouch (3% risk of failure)
Press: ? - help, Dir - look around, f - activate You can feel time thicken for a moment.
You kill the swamp dragon!
Cheibriados thoroughly appreciates the change of pace.
Your Earth Magic skill increases to level 9!
HP warning!
Activating: Slouch (3% risk of failure)
Press: ? - help, Dir - look around, f - activate
Okay, then.
Casting: Passage of Golubria (mildly dangerous; 2% risk of failure)
Confirm with . or Enter, or press ? or * to list all spells.
Aiming: Passage of Golubria (mildly dangerous; 2% risk of failure)
Press: ? - help, Dir - move target HP warning!
You enter the passage of Golubria.
The alligator is engulfed in spectral mist.
The spriggan rider throws a curare-tipped dart.
The curare-tipped dart hits you.
An eleionoma comes into view.
There is a passage of Golubria here.
HP warning!
Press: ? - help, v - describe, . - travel
Here: an eleionoma Some shallow water.
Okay, then.
The alligator puts on a burst of speed!
HP warning!
The spriggan rider throws a curare-tipped dart.
The curare-tipped dart barely misses you.
There is a stone staircase leading up here.
HP warning!
The alligator bites you!!
You die...

~, ~.§ ♣♣♣♣♣ ,
...♣♣♣♣§..♣♣♣ ,
~......§~~..♣ ♣♣ ~~
....~~~~~.♣..♣ * ,~ ~,
#..~~~...♣...~~ ,,
#.....~~~......~~ ~ ,
,♣~.~§~~~~~~..§~ ~ , ,,
♣~.~~~~~~~...~~ ~ ,
♣♣@t.i~~R~...i~~ , ~, , ,
~♣...^~~~~~~§.R.. ~
,.~~..♣w~.~~~~~~.~♣* ~ ~
~ ,.........~.~~~~~..♣ ~
♣♣.........t~..♣♣.. * ,
♣~...≈≈≈≈≈..~†~.♣~., ,
~~♣♣..≈≈≈≈≈≈≈...~.~.~...,
* ♣♣.≈≈≈≈≈≈≈≈.?.....t~. *
** ♣≈≈≈≈≈≈≈≈≈≈.~~~...~.


You could see an eleionoma, 2 alligators, a tyrant leech and a spriggan rider.

Vanquished Creatures
  Roxanne (Swamp:4)
  A spriggan air mage (Swamp:3)
  A boulder beetle (D:11)
  5 hydras
  3 ghost crabs
  A centaur warrior (D:9)
  An alligator (Swamp:4)
  A goliath frog (Swamp:2)
  A spriggan druid (Swamp:1)
  A sea snake (Lair:5)
  2 bog bodies
  4 swamp dragons
  A deep elf pyromancer (D:9)
  2 cyclopes (D:9)
  A will-o-the-wisp (Swamp:4)
  2 elephants (Lair:4)
  A black mamba (Lair:2)
  An unseen horror (D:11)
  3 rime drakes
  5 cane toads
  4 komodo dragons
  3 hornets
  A polar bear (Lair:2)
  A meliai (D:9)
  A bloated husk (Swamp:4)
  A tyrant leech (Swamp:3)
  6 spriggans
  A jumping spider (Lair:2)
  8 yaks
  3 wyverns
  A basilisk (Lair:3)
  Grum (D:8)
  4 vampire mosquitoes (Lair:2)
  3 steam dragons
  5 swamp worms
  6 water moccasins
  A nameless horror (Swamp:4)
  2 orc warriors
  4 swamp drakes
  A sky beast (D:6)
  A black bear (D:6)
  2 wolves (D:8)
  6 centaurs
  4 kobold brigands
  4 bullfrogs
  A scorpion (D:4)
  3 killer bees (D:9)
  2 howler monkeys
  3 electric eels
  A hound (D:6)
  An orc priest (D:9)
  A gnoll bouda (D:7)
  2 hell rats (Lair:2)
  2 orc wizards (D:8)
  3 gnolls (D:7)
  4 adders
  A shadow imp (D:6)
  A white imp (D:6)
  An ufetubus (D:5)
  2 worms
  6 orcs
  3 ball pythons
  3 bats (D:3)
  An endoplasm (D:2)
  2 hobgoblins
  6 jackals
  2 frilled lizards
  6 goblins
  21 kobolds
  A rat (D:2)
  3 foxfires (Swamp:4)
194 creatures vanquished.

Vanquished Creatures (collateral kills)
  2 eleionomae
  A fire dragon (D:11)
  7 hydras
  An alligator (Swamp:2)
  A merfolk avatar (Lair:5)
  Amaemon (Lair:2)
  2 goliath frogs
  5 swamp dragons (Swamp:4)
  A spriggan druid (Swamp:3)
  2 elephants
  2 will-o-the-wisps
  A black mamba (Lair:5)
  An orange demon (Lair:2)
  3 cane toads
  A rime drake (Swamp:4)
  A komodo dragon (Lair:5)
  2 tyrant leeches
  3 hornets
  A polar bear (Lair:5)
  3 blink frogs (Lair:1)
  2 wyverns
  A spriggan (Swamp:3)
  8 yaks
  3 basilisks (Lair:3)
  2 vampire mosquitoes (Lair:2)
  4 swamp worms
  4 water moccasins
  2 swamp drakes (Swamp:4)
  11 hell rats
78 creatures vanquished.

Vanquished Creatures (others)
  A thorn hunter (Swamp:4)
  A cane toad (Lair:5)
  A centaur (D:11)
  An orc (D:9)
  11 foxfires
  6 fungi
  22 plants
43 creatures vanquished.

Grand Total: 315 creatures vanquished

Notes
Turn   | Place    | Note
-------+----------+-------------------------------------------
     0 | D:1      | sentinel the Meteoran Earth Elementalist began the quest
                  | for the Orb.
     0 | D:1      | Reached XP level 1. HP: 14/14 MP: 5/5
    67 | D:2      | Reached XP level 2. HP: 20/20 MP: 0/7
    77 | D:2      | Learned a level 2 spell: Passwall
   101 | D:2      | Reached XP level 3. HP: 22/26 MP: 0/8
   105 | D:2      | Learned a level 3 spell: Stone Arrow
   239 | D:4      | Reached XP level 4. HP: 33/33 MP: 5/10
   257 | D:4      | Found a snail-covered altar of Cheibriados.
   263 | D:4      | Became a worshipper of Cheibriados the Contemplative
   431 | D:4      | Noticed a scorpion
   436 | D:4      | Killed a scorpion
   437 | D:4      | Reached skill level 1 in Conjurations
   437 | D:4      | Reached skill level 5 in Earth Magic
   437 | D:4      | Reached XP level 5. HP: 38/38 MP: 3/12
   507 | D:5      | Entered Level 5 of the Dungeon
   539 | D:5      | Noticed a centaur
   542 | D:5      | Killed a centaur
   543 | D:5      | Reached XP level 6. HP: 45/45 MP: 6/14
   569 | D:6      | Noticed a sky beast
   580 | D:6      | Killed a sky beast
   581 | D:6      | Reached skill level 5 in Spellcasting
   589 | D:6      | Noticed a black bear
   591 | D:6      | Reached XP level 7. HP: 50/50 MP: 6/15
   610 | D:6      | Reached * piety under Cheibriados
   737 | D:7      | Noticed a steam dragon
   742 | D:7      | Killed a steam dragon
   743 | D:7      | Reached skill level 5 in Conjurations
   743 | D:7      | Reached XP level 8. HP: 53/57 MP: 3/16
   843 | D:7      | Found a flagged portal.
   861 | Bailey   | Entered a bailey
   873 | Bailey   | Reached skill level 1 in Fighting
   873 | Bailey   | Reached skill level 1 in Evocations
   965 | D:8      | Noticed a wyvern
   967 | D:8      | Killed a wyvern
   969 | D:8      | Reached ** piety under Cheibriados
   975 | D:8      | Noticed a steam dragon
   980 | D:8      | Gained mutation: You passively map the area around you.
                  | [Meteoran growth]
   980 | D:8      | Reached XP level 9. HP: 59/71 MP: 9/17
   984 | D:8      | Noticed Grum
   991 | D:8      | Reached skill level 5 in Evocations
  1102 | D:8      | Killed Grum
  1139 | D:10     | Entered Level 10 of the Dungeon
  1144 | D:9      | Found a shadowy altar of Dithmenos.
  1183 | D:9      | Noticed a cyclops
  1192 | D:9      | Killed a cyclops
  1193 | D:9      | Reached skill level 10 in Spellcasting
  1193 | D:9      | Reached XP level 10. HP: 73/78 MP: 21/25
  1210 | D:9      | Noticed a centaur warrior
  1215 | D:9      | Killed a centaur warrior
  1215 | D:9      | Reached *** piety under Cheibriados
  1236 | D:9      | Noticed a deep elf pyromancer
  1287 | D:9      | Killed a deep elf pyromancer
  1292 | D:9      | Noticed a cyclops
  1294 | D:9      | Reached skill level 1 in Translocations
  1298 | D:9      | Killed a cyclops
  1312 | D:9      | Learned a level 4 spell: Passage of Golubria
  1326 | D:9      | Noticed a centaur warrior
  1349 | D:9      | Found a blossoming altar of Fedhas.
  1406 | D:11     | Reached skill level 1 in Summonings
  1410 | D:11     | Reached XP level 11. HP: 78/84 MP: 26/26
  1434 | D:11     | Learned a level 5 spell: Summon Mana Viper
  1436 | D:11     | Found Zyffiris's Armour Shop.
  1477 | D:11     | Noticed a boulder beetle
  1492 | D:11     | Reached skill level 1 in Hexes
  1516 | D:11     | Found a staircase to the Lair.
  1517 | D:11     | Noticed a fire dragon
  1525 | D:11     | Killed a fire dragon
  1526 | D:11     | Reached skill level 5 in Summonings
  1530 | D:11     | Killed a boulder beetle
  1531 | D:11     | Reached skill level 5 in Hexes
  1533 | Lair:1   | Entered Level 1 of the Lair of Beasts
  1646 | Lair:2   | Reached **** piety under Cheibriados
  1657 | Lair:2   | Noticed a black mamba
  1660 | Lair:2   | Killed a black mamba
  1687 | Lair:2   | Reached XP level 12. HP: 91/91 MP: 24/27
  1687 | Lair:2   | Noticed Amaemon
  1694 | Lair:2   | Killed Amaemon
  1727 | Lair:2   | Found a hole to the Spider Nest.
  1823 | Lair:1   | Noticed a six-headed hydra
  1844 | Lair:1   | Reached ***** piety under Cheibriados
  1867 | Lair:1   | Killed a six-headed hydra
  1875 | Lair:1   | You fall into a shaft and drop 1 floor!
  1997 | Lair:3   | Learned a level 7 spell: Monstrous Menagerie
  2042 | Lair:4   | Reached skill level 1 in Throwing
  2051 | Lair:4   | Reached skill level 2 in Throwing
  2056 | Lair:4   | Reached XP level 13. HP: 46/96 MP: 12/31
  2061 | Lair:4   | Reached skill level 3 in Throwing
  2064 | Lair:4   | Found a stormy altar of Qazlal.
  2082 | Lair:4   | Reached skill level 4 in Throwing
  2085 | Lair:4   | Reached skill level 10 in Summonings
  2105 | Lair:5   | Entered Level 5 of the Lair of Beasts
  2113 | Lair:5   | Noticed a five-headed hydra
  2117 | Lair:5   | Killed a five-headed hydra
  2118 | Lair:5   | Reached skill level 5 in Throwing
  2137 | Lair:5   | Noticed a merfolk avatar
  2138 | Lair:5   | Reached skill level 6 in Throwing
  2156 | Lair:5   | Killed a merfolk avatar
  2159 | Lair:5   | Reached skill level 7 in Throwing
  2166 | Lair:5   | Noticed a seven-headed hydra
  2171 | Lair:5   | Killed a seven-headed hydra
  2194 | Lair:5   | Identified the +9 great sword "Dragonbane" {drain, rPois
                  | Dex+2}
  2316 | Lair:2   | Found a staircase to the Swamp.
  2331 | Lair:2   | Learned a level 5 spell: Yara's Violent Unravelling
  2332 | Swamp:1  | Entered Level 1 of the Swamp
  2340 | Swamp:1  | Reached skill level 8 in Throwing
  2342 | Swamp:1  | Identified a scroll of acquirement
  2342 | Swamp:1  | Acquired the +0 mask of the Dragon {Will+ Slay+3 SInv}
  2342 | Swamp:1  | Found the +0 mask of the Dragon {Will+ Slay+3 SInv}
  2358 | Swamp:1  | Noticed an eleionoma
  2362 | Swamp:1  | Killed an eleionoma
  2380 | Swamp:2  | Noticed an alligator
  2386 | Swamp:2  | Killed an alligator
  2387 | Swamp:2  | Reached skill level 9 in Throwing
  2397 | Swamp:2  | Reached ****** piety under Cheibriados
  2401 | Swamp:2  | Reached XP level 14. HP: 104/104 MP: 31/32
  2425 | Swamp:1  | Noticed a bunyip
  2457 | Swamp:3  | Reached skill level 10 in Throwing
  2460 | Swamp:4  | Entered Level 4 of the Swamp
  2460 | Swamp:4  | Identified Roxanne's Incunabulum of Minerals
  2460 | Swamp:4  | Noticed Roxanne
  2476 | Swamp:4  | Noticed a thorn hunter
  2478 | Swamp:4  | Reached skill level 5 in Transmutations
  2482 | Swamp:4  | Reached skill level 11 in Throwing
  2483 | Swamp:4  | Killed a thorn hunter
  2490 | Swamp:4  | Killed Roxanne
  2491 | Swamp:4  | Reached skill level 12 in Throwing
  2511 | Swamp:4  | Noticed an eleionoma
  2517 | Swamp:4  | Killed an eleionoma
  2520 | Swamp:4  | Reached skill level 13 in Throwing
  2557 | Swamp:4  | Reached skill level 14 in Throwing
  2589 | Swamp:4  | Reached XP level 15. HP: 110/110 MP: 21/33
  2616 | Swamp:4  | Got a decaying rune of Zot
  2647 | Swamp:4  | Noticed Bai Suzhen
  2661 | Swamp:3  | HP: 3/110 [swamp dragon/blast of poison (7)]
  2667 | Swamp:3  | Mangled by an alligator

Illustrated notes

Levels and vault maps discovered:
D:1:      evilmike_arrival_crescent, layout_basic,
          hellmonk_ecumenical_altar_lost_god, minmay_lizard_pond
D:2:      layout_basic, st_stairs_14, uniq_natasha
D:3:      layout_basic, kennysheep_orc_chapel, uniq_grinder
D:4:      layout_basic, minitemple
D:5:      layout_basic, temple_fountains
D:6:      layout_loops_corners, cheibrodos_sewer_entry_drain,
          nicolae_kite_square_tiling_tiny, uniq_maggie
D:7:      layout_basic, lemuel_blue_sif_altar, serial_shops,
          nicolae_shop_crystal, enter_bailey_5, hex_large, minivault_27,
          minmay_puff
D:8:      layout_rooms, nemelex_altar_shiori, serial_shops, nicolae_shop_trees,
          minmay_holes, kennysheep_boxes, uniq_grum
D:9:      minmay_diamond_stairs, layout_basic,
          mainiacjoe_overflow_small_starburst, nicolae_overflow_hidden_temple,
          kennysheep_little_box, nicolae_elyvilon_temple_path
D:10:     layout_basic, orc_0_dummy
D:11:     layout_loops_cross, minmay_lair_entry_lava, nicolae_stop_n_shop_2
Lair:1:   layout_roguey, minmay_stone_trees_medium
Lair:2:   layout_cave_shapes, minmay_swamp_entry_swarm, spider_nest_entry_a,
          minivault_26, grunt_megastairs_1, serial_bayou_shore_b, uniq_amaemon
Lair:3:   layout_roguey, kennysheep_basilisk_garden
Lair:4:   layout_hall_layers, slime_entry_1, basic_altar, minmay_hedge_maze
Lair:5:   gammafunk_lair_ancient_temple, layout_regular_city
Swamp:1:  nicolae_swamp_ascending_descending_big, layout_basic_swamp,
          evilmike_swamp_ruin_rubble_2
Swamp:2:  layout_basic_swamp, hangedman_swamp_cone
Swamp:3:  layout_basic_swamp, evilmike_swamp_ruin_house_4,
          infiniplex_staircase_pool
Swamp:4:  swamp_alternative, layout_basic_swamp,
          portal_ice_cave_entry_pillars_three, swamp_pool1, uniq_roxanne,
          uniq_mlioglotl, uniq_bai_suzhen

Skill      XL: |  1  2  3  4  5  6  7  8  9 10 11 12 13 14 15 |
---------------+----------------------------------------------+-----
Spellcasting   | 3 4 5 10 13 | 13.7
Earth Magic    | 4 5 6 7 8 9 |  9.0
Conjurations   | 1 2 3 5 |  5.0
Fighting       | 3 4 |  4.0
Evocations     | 4 5 |  5.0
Invocations    | 2 9 |  9.0
Translocations | 4 |  4.9
Summonings     | 1 8 9 12 13 | 13.0
Hexes          | 7 8 |  8.2
Throwing       | 2 9 14 | 14.3
Transmutations | 5 6 |  6.2
Dodging        | |  2.4
Stealth        | |  1.4

Action                   |  1- 3 |  4- 6 |  7- 9 | 10-12 | 13-15 || total
-------------------------+-------+-------+-------+-------+-------++-------
Melee: Unarmed           |       |     1 |       |       |       ||     1
       Staff             |       |       |       |     1 |       ||     1
Throw: Boomerang         |       |       |       |       |    16 ||    16
 Cast: Sandblast         |    28 |    23 |    61 |    72 |    21 ||   205
       Passwall          |       |    10 |     8 |    25 |     1 ||    44
       Stone Arrow       |       |     7 |    27 |    85 |    49 ||   168
       Passage of Golubr |       |       |       |    66 |    50 ||   116
       Summon Mana Viper |       |       |       |    28 |    26 ||    54
       Monstrous Menager |       |       |       |       |    23 ||    23
       Yara's Violent Un |       |       |       |       |     2 ||     2
Invok: Slouch            |       |       |       |       |    10 ||    10
Evoke: Wand              |       |       |     2 |     1 |    21 ||    24
       Condenser vane    |       |       |       |       |     2 ||     2
       Tin of tremorston |       |       |       |       |     2 ||     2
  Use: Scroll            |       |       |    10 |     4 |    10 ||    24
       Potion            |       |       |       |       |     8 ||     8
Armor: Robe              |     8 |       |       |       |       ||     8
       Skin              |     1 |    13 |    14 |       |       ||    28
       Steam dragon scal |       |       |    22 |    92 |    52 ||   166
Dodge: Dodged            |     5 |    14 |    49 |    87 |    66 ||   221
